Map: Triton LE

Players

MiToSiS

  • Race: Terran Terran
  • League: Master
  • Spawn Location: 11:00

RazerBlader - Winner!

  • Race: Terran Terran
  • League: Master
  • Spawn Location: 5:00

Event: NationWars 2019

VOD

Have the link to the VOD?

Description

Time

  • Played on: Sept. 26, 2019, 5:48 p.m.
  • Length: 4:28
Show
View Real Time Build Order
Export as new Build Order

MiToSiS Terran 

Build Orders: Gas First Reaper Expand 

Get SALT Encoding   

  12  0:02  SCV  
  13  0:14  SCV  
  13  0:18  Supply Depot  
  14  0:26  SCV  
  15  0:32  Refinery  
  15  0:42  Barracks  
  15  0:45  SCV  
  16  1:00  SCV  
  17  1:12  SCV  
  17  1:14  Refinery  
  18  1:28  Orbital Command  
  18  1:30  Reaper  
  19  1:57  Command Center  
  19  2:11  Barracks Reactor, Factory  
  19  2:18  Supply Depot  
  19  2:22  SCV  
  20  2:34  SCV  
  21  2:46  SCV  
  21  2:50  Marine x2  
  24  2:55  Factory Tech Lab  
  24  2:58  SCV  
  24  3:10  SCV  
  25  3:15  Cyclone  
  25  3:16  Bunker  
  28  3:22  Orbital Command  
  28  3:23  SCV  
  28  3:24  Marine  
  30  3:27  Marine  
  27  3:46  Marine  
  27  3:52  SCV  
  23  4:06  Marine x2  
  23  4:10  SCV  
Show
View Real Time Build Order
Export as new Build Order

RazerBlader Terran - Winner!

Build Orders: 1/1/1, Liberator Opening 

Get SALT Encoding   

  12  0:00  SCV  
  13  0:12  SCV  
  14  0:17  Supply Depot  
  14  0:24  SCV  
  15  0:29  Refinery  
  15  0:39  SCV  
  16  0:44  Barracks  
  16  0:51  SCV  
  16  0:55  Refinery  
  17  1:03  SCV  
  18  1:15  SCV  
  19  1:31  Orbital Command  
  19  1:34  Reaper  
  19  1:37  Factory  
  20  1:53  Supply Depot  
  20  1:57  SCV  
  21  2:06  Reaper  
  22  2:10  SCV  
  23  2:21  Hellion  
  23  2:22  SCV, Starport  
  26  2:29  Supply Depot  
  26  2:35  SCV  
  26  2:38  Reaper  
  26  2:43  Liberator  
  27  2:47  Hellion  
  27  2:49  SCV  
  30  3:03  SCV  
  30  3:04  Supply Depot  
  34  3:09  Hellion  
  34  3:11  Reaper  
  37  3:16  SCV  
  38  3:28  SCV  
  38  3:31  Factory Tech Lab  
  39  3:40  SCV  
  39  3:43  Command Center  
  39  3:46  Barracks Reactor  
  38  4:03  SCV  
  38  4:08  Supply Depot  
  39  4:15  SCV, Refinery  
  40  4:22  Starport Tech Lab  
Tags
 
Add a new tag
Caveats
  • Supply blocks, unpowered buildings, or Contaminate may cause inaccurate times.
  • Supply counts are checked every 10 seconds.